 Dungeon Crawl Stone Soup version 0.17-a0-1407-gde22cd8 (webtiles) character file.

141 Geeful the Insei (level 5, -6/34 HPs)
             Began as an Octopode Transmuter on June 22, 2015.
             Mangled by Duvessa
             ... wielding a +0 rapier
              (15 damage)
             ... on level 4 of the Dungeon.
             The game lasted 00:13:59 (2962 turns).

Geeful the Insei (Octopode Transmuter)              Turns: 2962, Time: 00:13:59

Health: -6/34      AC:  1    Str:  9    XL:     5   Next: 24%
Magic:  9/9        EV:  8    Int: 16    God:
Gold:   202        SH:  0    Dex: 13    Spells: 2 memorised, 6 levels left

rFire  . . .     SeeInvis .       - Unarmed
rCold  + . .     Clarity  .     (no shield)
rNeg   . . .     SustAt   .     (helmet restricted)
rPois  .         Gourm    .     (no amulet)
rElec  .         Spirit   .     r - ring of protection from cold
rCorr  .         Warding  .     (no ring)
rMut   .         Stasis   .     (no ring)
MR     .....                    (no ring)
Stlth  ++........               (no ring)
                                (no ring)
                                (no ring)
                                (no ring)

@: not resistant to hostile enchantments, unstealthy
A: almost no armour, amphibious, 8 rings, constrict 8, camouflage 1, gelatinous
body 1
a: no special abilities


You were on level 4 of the Dungeon.
You were not hungry.

You visited 1 branch of the dungeon, and saw 4 of its levels.

You collected 202 gold pieces.

Inventory:

Hand weapons
 t - a +0 dagger of protection
Missiles
 a - 58 arrows
 d - a throwing net (quivered)
 l - 7 poisoned needles
Jewellery
 r - a ring of protection from cold (left tentacle)
Magical devices
 p - a wand of lightning (7)
 q - a wand of random effects (18)
Scrolls
 e - a scroll of enchant armour {unknown}
 f - 3 scrolls of identify
 h - a scroll of amnesia {unknown}
 j - a scroll of teleportation
 m - a scroll of fear {unknown}
 s - a scroll of random uselessness {unknown}
Potions
 g - 2 potions of curing
 n - a potion of haste {unknown}
Books
 b - a book of Changes

   Spells                             Type                      Level
   a - Beastly Appendage              Transmutation                1
   b - Sticks to Snakes               Transmutation                2
   c - Spider Form                    Transmutation/Poison         3
   d - Ice Form                       Ice/Transmutation            4
   e - Blade Hands                    Transmutation                5
 o - a Fen Folio

   Spells                             Type                      Level
   a - Corpse Rot                     Necromancy                   2
   b - Stone Arrow                    Conjuration/Earth            3
   c - Leda's Liquefaction            Hexes/Earth                  4
   d - Summon Forest                  Summoning/Translocation      5
   e - Hydra Form                     Transmutation                6
   f - Summon Hydra                   Summoning                    7
Comestibles
 c - 3 bread rations
 i - 6 chunks of flesh
 k - 2 beef jerkies


   Skills:
 - Level 1.7 Fighting
 + Level 3.0 Dodging
 + Level 3.6 Unarmed Combat
 + Level 2.9 Spellcasting
 + Level 3.0 Transmutations


You had 6 spell levels left.
You knew the following spells:

 Your Spells              Type           Power        Failure   Level  Hunger
a - Beastly Appendage     Trmt           ##....       8%          1    #......
b - Sticks to Snakes      Trmt           ##........   10%         2    ##.....


Dungeon Overview and Level Annotations

Branches:
Dungeon (4/15)
 Temple: D:4-7

Altars:
Gozag
Yredelemnul
Zin

Shops:
D:4 *[

Annotations:
D:4 Duvessa


Innate Abilities, Weirdness & Mutations

You cannot wear most types of armour.
You are amphibious.
You can wear up to eight rings at the same time.
You can use your tentacles to constrict eight enemies at once.
Your skin changes colour to match your surroundings (Stealth).
Your rubbery body absorbs attacks (AC +1).


Message History

The bat misses you. The bat closely misses you.
Your tentacle spike disappears.
The bat hits you but does no damage. The bat hits you.
You bludgeon the bat!
You kill the bat!
Duvessa goes berserk!
Duvessa hits you with a rapier.
Duvessa rages.
Duvessa misses you.
Duvessa rages.
Duvessa hits you with a rapier!!
Ouch! That really hurt!
* * * LOW HITPOINT WARNING * * *
Duvessa closely misses you.
You see here a scale mail.
There is a stone staircase leading up here.
Duvessa closely misses you. Duvessa hits you with a rapier!
You die...

#.######...)........#.#
#............#..#_#...#
#.[..........#.##⌠##.>#
#.######.#.###..###...#
#.# #.#.# ##.....#.....#
#.# #.#.# ###.#.#######
#.# #.#.######........
#.######(..[......#######
#...........e@....##
#######(..............
#[..#######...... #...#
#....... #...# ########
#...# #...# #...# #...#


You could see Duvessa (berserk).

Vanquished Creatures
  Dowan (D:4)
  Robin (D:3)
  An adder (D:3)
  A worm (D:3)
  3 giant geckos
  An orc (D:3)
  A ball python (D:3)
  4 giant cockroaches
  16 goblins
  5 hobgoblins
  6 kobolds
  11 bats
  3 giant newts
  13 rats
67 creatures vanquished.

Vanquished Creatures (collateral kills)
  An adder (D:2)
  A bat (D:3)
2 creatures vanquished.

Grand Total: 69 creatures vanquished

Notes
Turn   | Place    | Note
--------------------------------------------------------------
     0 | D:1      | Geeful the Octopode Transmuter began the quest for the Orb.
     0 | D:1      | Reached XP level 1. HP: 13/13 MP: 3/3
   138 | D:1      | Reached XP level 2. HP: 9/18 MP: 3/5
   989 | D:2      | Reached XP level 3. HP: 23/23 MP: 4/6
  1030 | D:2      | Learned a level 2 spell: Sticks to Snakes
  1858 | D:3      | Reached XP level 4. HP: 25/29 MP: 7/7
  2050 | D:3      | Noticed Robin
  2064 | D:3      | Killed Robin
  2316 | D:3      | Found an opulent altar of Gozag.
  2316 | D:3      | Found a basalt altar of Yredelemnul.
  2706 | D:4      | Found Surif's Antique Armour Shop.
  2706 | D:4      | Noticed Duvessa
  2706 | D:4      | Noticed Dowan
  2783 | D:4      | Killed Dowan
  2783 | D:4      | Reached XP level 5. HP: 19/34 MP: 4/9
  2801 | D:4      | Found a glowing silver altar of Zin.
  2801 | D:4      | Found Zin's Purification Station.
  2962 | D:4      | Mangled by Duvessa

Vault maps used:
D:1:      minmay_arrival_stair_chambers, bh_walls_and_bars
D:3:      gammafunk_temple_overflow_wave, first_bread, uniq_robin
D:4:      zin_purify, serial_shops, shop_statue, minmay_close_crescents,
          uniq_blork_the_orc, uniq_duvessa

Action                   |  1- 3 |  4- 6 || total
-------------------------+-------+-------++-------
Melee: Unarmed           |    86 |    60 ||   146
 Cast: Beastly Appendage |    15 |     6 ||    21
       Sticks to Snakes  |     5 |     4 ||     9
  Use: Potion            |     2 |       ||     2
       Scroll            |     4 |     1 ||     5
 Stab: Sleeping          |     8 |     4 ||    12
  Eat: Chunk             |     3 |     2 ||     5
       Meat ration       |       |     1 ||     1
